AoeStats
← [PSCH] R!ce

Arabia

505667188Analyzed
1v1 RM · 22d ago on Sep 10, 2026· 37m 13s· 2 players
Game mode
Random Map
Map size
Tiny (2 player)
Population
200
Speed
Normal
Resources
Standard
Victory
Conquest
Starting age
Dark Age
Ending age
Imperial Age
RankedLock teamsTeams togetherTeam positionsShared explorationLock speedFull tech treeHidden civsTurbo modeCheats
Victory
Defeat
🇮🇪 Jurchens · Ireland
1572
+14
🇨🇭 Maya · Switzerland
1538
-14
[PSCH] R!ce
0:27 Loom
9:26 Feudal Age
9:56 Man-at-Arms
13:57 Double-Bit Axe
15:09 Fletching
20:42 Castle Age
18:30 Horse Collar
20:18 Scale Mail Armor
21:31 Forging
21:10 Eagle Warrior
21:11 Pikeman
22:08 Chain Mail Armor
25:16 Bow Saw
25:47 Wheelbarrow
28:14 Iron Casting
27:38 Arson
29:30 Squires
31:46 Hand Cart
33:35 Bodkin Arrow
TheMangledBadger
6:52 Loom
9:15 Feudal Age
12:10 Double-Bit Axe
12:55 Horse Collar
20:16 Castle Age
18:52 Fletching
19:08 Scale Barding Armor
19:40 Padded Archer Armor
20:30 Bloodlines
21:52 Bow Saw
21:08 Elite Skirmisher
25:38 Wheelbarrow
25:30 Gold Mining
26:46 Heavy Plow
26:52 Husbandry
27:58 Forging
30:31 Chain Barding Armor
31:50 Hand Cart
32:29 Iron Casting
35:46 Stone Mining
36:32 Gold Shaft Mining
37:45 Gold Shaft Mining
40:11 Imperial Age
Connection lost

Rejoining the realm…

Still unreachable

The connection could not be restored.

Session expired

The server has moved on; the page needs a fresh start.